 Dungeon Crawl Stone Soup version 0.30-a0-652-gcc886f7154 (webtiles) character file.

Game seed: 11201565202619355371

547 bande the Covered (level 7, -1/44 HPs)
             Began as a Gargoyle Fighter on Jan 18, 2023.
             Slain by a kobold brigand
             ... wielding a +0 short sword
              (4 damage)
             ... on level 6 of the Dungeon.
             The game lasted 00:05:04 (2471 turns).

bande the Covered (Gargoyle Fighter)                Turns: 2471, Time: 00:05:04

Health: -1/44      AC: 22    Str: 19    XL:     7   Next: 28%
Magic:  7/7        EV:  5    Int:  9    God:
Gold:   207        SH:  4    Dex: 11    Spells: 6/6 levels left

rFire   . . .      SeeInvis .    a - +0 war axe
rCold   . . .      Faith    .    c - +0 buckler
rNeg    + . .      Spirit   .    v - +0 plate armour
rPois   ∞          Reflect  .    q - +0 helmet
rElec   +          Harm     .    (no cloak)
rCorr   .          Rampage  .    (no gloves)
Will    .....                    (no boots) Stlth
                                 (no amulet)
HPRegen 0.27/turn                j - +4 ring of protection
MPRegen 0.10/turn                (no ring)

@: no status effects
A: sickness immunity, AC +4, negative energy resistance 1, electricity
resistance, torment resistance 1, petrification resistance
a: no special abilities


You were on level 6 of the Dungeon.
You visited 1 branch of the dungeon, and saw 5 of its levels.

You collected 207 gold pieces.

Inventory:

Hand Weapons
 a - a +0 war axe (weapon)
 e - a +0 war axe
Armour
 c - a +0 buckler (worn)
 q - a +0 helmet (worn)
 v - a +0 plate armour (worn)
Jewellery
 i - a +6 ring of intelligence
 j - a +4 ring of protection (left hand)
Wands
 s - a wand of acid (10)
Scrolls
 b - 2 scrolls of fog {unknown}
 f - 2 scrolls of teleportation {unknown}
 h - 5 scrolls of identify {unknown}
 l - a scroll of brand weapon {unknown}
 o - a scroll of vulnerability {unknown}
 p - 2 scrolls of amnesia {unknown}
 r - a scroll of magic mapping {unknown}
 u - 2 scrolls of enchant weapon {unknown}
Potions
 d - a potion of might
 g - a potion of berserk rage {unknown}
 k - 4 potions of lignification {unknown}
 m - a potion of heal wounds
 n - 2 potions of degeneration {unknown}
 t - a potion of cancellation {unknown}
 w - a potion of flight {unknown}


   Skills:
 + Level 4.3 Fighting
 + Level 4.5 Axes
 + Level 4.8 Armour
 + Level 4.3 Shields
 * Level 2.5 Evocations


You had 6 spell levels left.
You didn't know any spells.
Your spell library contained the following spells:

 Spells                   Type           Power      Damage    Failure   Level
 Apportation              Tloc           0%         N/A       100%        1
 Necrotise                Necr           0%         1d4       100%        1
 Summon Small Mammal      Summ           0%         N/A       100%        1
 Vampiric Draining        Necr           0%         2d6       100%        3
 Agony                    Necr           0%         N/A       100%        5


Dungeon Overview and Level Annotations

Branches:
Dungeon (4/15)
 Temple: D:4-7

Altars:

Shops:
D:1 [


Innate Abilities, Weirdness & Mutations

You are immune to sickness and miasma.
Your stone body is resilient. (AC +4)
You are immune to poison.
You resist negative energy. (rN+)
You are resistant to electric shocks. (rElec)
You are resistant to unholy torment.
You are immune to petrification.


Message History

The ogre is heavily wounded.
The ogre hits you with a +0 giant club!
You are too injured to fight recklessly!
You are too injured to fight recklessly!
You are too injured to fight recklessly!
You are too injured to fight recklessly!
You are too injured to fight recklessly!
You are too injured to fight recklessly!
You are too injured to fight recklessly!
You are too injured to fight recklessly!
You barely miss the ogre.
The ogre is heavily wounded.
You hit the kobold. The kobold hits you but does no damage.
A kobold comes into view. It is wielding a +0 dagger.
Unknown command.
You hit the ogre.
The ogre is heavily wounded.
You slash the kobold!
You kill the kobold!
The ogre closely misses you.
You barely miss the ogre.
The ogre is heavily wounded.
The ogre barely misses you.
A kobold comes into view. It is wielding a +0 whip.
The kobold shouts!
You hit the ogre.
The ogre is severely wounded.
The ogre hits you with a +0 giant club!
* * * LOW HITPOINT WARNING * * *
Unknown command.
Items here: )) †††.
You hit the ogre but do no damage.
The ogre is severely wounded.
The ogre barely misses you.
You slash the ogre!
You kill the ogre!
The kobold brigand throws a curare-tipped dart.
The curare-tipped dart hits you.
The kobold brigand hits you with a +0 short sword.
You die...

###
#######.#
........#
#######.#
#.# #.#
#.# #.#
#@# #K#
#.)K#
.....K.
####...#.
....#..
###..# ..
...# .#K
...# #..


You could see a kobold brigand and 2 kobolds.

Vanquished Creatures
  An ogre (D:6)
  A phantom (D:4)
  A scorpion (D:6)
  A bullfrog (D:6)
  2 hounds
  An orc priest (D:4)
  4 orc wizards (D:4)
  An adder (D:4)
  A worm (D:3)
  3 dart slugs
  5 orcs
  An endoplasm (D:1)
  3 giant cockroaches
  5 goblins
  5 hobgoblins
  3 jackals (D:1)
  3 quokkas
  8 ball pythons
  4 bats
  8 kobolds
  3 rats
64 creatures vanquished.

Vanquished Creatures (others)
  4 fungi (D:6)
  3 plants (D:6)
7 creatures vanquished.

Grand Total: 71 creatures vanquished

Notes
Turn   | Place    | Note
-------+----------+-------------------------------------------
     0 | D:1      | bande the Gargoyle Fighter began the quest for the Orb.
     0 | D:1      | Reached XP level 1. HP: 14/14 MP: 1/1
    45 | D:1      | Reached XP level 2. HP: 18/19 MP: 2/2
   218 | D:1      | Found Vishresk's Antique Armour Shop.
   497 | D:1      | Reached XP level 3. HP: 23/23 MP: 3/3
  1838 | D:3      | Reached XP level 4. HP: 28/28 MP: 4/4
  2153 | D:4      | Reached skill level 1 in Evocations
  2162 | D:4      | Reached XP level 5. HP: 21/33 MP: 5/5
  2195 | D:4      | Noticed a phantom
  2219 | D:4      | Killed a phantom
  2257 | D:4      | Reached XP level 6. HP: 38/38 MP: 6/6
  2415 | D:4      | You fall into a shaft and drop 2 floors!
  2449 | D:6      | Reached XP level 7. HP: 42/43 MP: 7/7
  2466 | D:6      | HP: 2/43 [ogre/+0 giant club (17)]
  2471 | D:6      | Slain by a kobold brigand

Illustrated notes

Levels and vault maps discovered:
D:1:      lemuel_arrival_river_ford, layout_rooms, serial_shops, shop,
          amethyst_killhole
D:2:      layout_basic, kennysheep_generic_room_10
D:3:      layout_loops_cross
D:4:      layout_rooms, minmay_temple_entry_tees
D:6:      lemuel_insect_pit, layout_basic, grunt_temple_overflow_bloody_war,
          general_overflow_altar, mainiacjoe_overflow_alcove_4, serial_shops,
          kennysheep_little_box, serial_bayou, serial_bayou_crossing,
          serial_bayou_lagoon_a, serial_bayou_shore_b, dreamdust_gnoll_farm,
          uniq_sigmund

Skill      XL: |  1  2  3  4  5  6 |
---------------+-------------------+-----
Axes           | 2 3 4 |  4.5
Evocations     | 1 2 |  2.5
Shields        | 4 |  4.3
Armour         | 4 |  4.8
Fighting       | 4 |  4.3

Action                   |  1- 3 |  4- 6 |  7- 9 || total
-------------------------+-------+-------+-------++-------
Melee: War axe           |   116 |   101 |    18 ||   235
  Use: Potion            |       |     2 |       ||     2
Armor: Scale mail        |    12 |       |       ||    12
       Chain mail        |    71 |       |       ||    71
       Plate armour      |       |   149 |     6 ||   155
Dodge: Dodged            |    53 |    39 |     4 ||    96
Block: Buckler           |    30 |    23 |     2 ||    55

Table legend: (Time is in decaauts)
 A = Elapsed time spent in this place.
 B = Non-inter-level travel time spent in this place.
 C = Inter-level travel time spent in this place.
 D = Time resting spent in this place.
 E = Time spent auto-exploring this place.
 F = Levels seen in this place.
 G = Mean time per level.
                   A        B        C        D        E       F      G
               +--------+--------+--------+--------+--------+-----+--------+
         Total |   2568 |   2568 |      0 |     15 |   1885 |   5 |  513.6 |
       Dungeon |   2568 |   2568 |      0 |     15 |   1885 |   5 |  513.6 |
               +--------+--------+--------+--------+--------+-----+--------+

Top non-repeatable levels by time:
     D:1: 778 daAuts
     D:3: 719 daAuts
     D:2: 624 daAuts
     D:4: 376 daAuts
     D:6: 71 daAuts
